 Dungeon Crawl Stone Soup version 0.20.2-3-g29329e0561 (webtiles) character file.

297 Alfie the Shield-Bearer (level 6, -3/79 HPs)
             Began as a Hill Orc Fighter on June 29, 2023.
             Slain by a killer bee (5 damage)
             ... on level 3 of the Dungeon.
             The game lasted 00:06:17 (1939 turns).

Alfie the Shield-Bearer (Hill Orc Fighter)          Turns: 1939, Time: 00:06:18

Health: -3/79      AC: 23    Str: 21 (23) XL:     6   Next: 35%
Magic:  6/6        EV:  2    Int:  7 (8)  God:
Gold:   143        SH:  9    Dex:  8 (10) Spells: 5/5 levels left

rFire    + . .     SeeInvis .   a - +0 rapier
rCold    + . .     Gourm    .   c - +0 shield
rNeg     + + +     Faith    .   (armour currently unavailable)
rPois    +         Spirit   .   (helmet currently unavailable)
rElec    +         Reflect  .   (cloak currently unavailable)
rCorr    +         Harm     .   (gloves currently unavailable)
MR       .....     NoTele   +   (boots currently unavailable)
Stlth    ++........             (no amulet)
Regen    0.3/turn               h - +3 ring of evasion
MPRegen  0.1/turn               q - ring of stealth

@: lethally poisoned (-3 -> -4), tree-form, resistant, hasted, very quick
A: strong 1, wild magic 1
a: no special abilities


You were on level 3 of the Dungeon.
You were full.
You were a tree.
You visited 1 branch of the dungeon, and saw 4 of its levels.

You collected 143 gold pieces.

Inventory:

Hand Weapons
 a - a +0 rapier (weapon)
Armour
 b - a +0 scale mail (melded)
 c - a +0 shield (worn)
 m - a scarf of resistance (melded)
Jewellery
 h - a +3 ring of evasion (left branch)
 q - a ring of stealth (right branch)
Scrolls
 e - a scroll of fog
 j - a scroll of enchant armour {unknown}
 l - a scroll of remove curse {unknown}
 o - 4 scrolls of identify
Comestibles
 f - 2 bread rations
 i - 2 royal jellies
 r - a meat ration


   Skills:
 + Level 4.5 Fighting
 + Level 3.9 Short Blades
 + Level 4.5 Armour
 + Level 0.7 Dodging
 + Level 4.9 Shields


You had 5 spell levels left.
You didn't know any spells.

Dungeon Overview and Level Annotations

Branches:
Dungeon (4/15)
 Temple: D:4-7

Altars:
Xom


Innate Abilities, Weirdness & Mutations

Your muscles are strong. (Str +2)
Your spells are a little harder to cast, but a little more powerful.


Message History

The killer bee stings you but does no damage. x3
* * * LOW HITPOINT WARNING * * *
You feel sick.
The killer bee stings you but does no damage.
You block the killer bee's attack. x2
The killer bee stings you but does no damage. x2
You block the killer bee's attack. x2
The killer bee stings you but does no damage.
* * * LOW HITPOINT WARNING * * *
You feel sick. You block the killer bee's attack.
The killer bee stings you but does no damage. x2
You block the killer bee's attack. x2
The killer bee stings you but does no damage. x2
* * * LOW HITPOINT WARNING * * *
You feel sick. The killer bee completely misses you.
You block the killer bee's attack.
The killer bee stings you but does no damage. x2
The killer bee stings you but does no damage.
The killer bee stings you.
You die...

########### #......(..#
#.#######.# ############# #.#
##†#######...........# #.#
#.....(..............# #.#
#..####.##.##..#.###.# #.# #..#
#y##.##..#.# #.# #.# #..#
#♣##.##..#<# #.# #.#
##..####y##.##..#.###.###
###.#####.......g................
.........((#####..#.##.#####..###
####.#####(#####....##.# #.....
#.# #.##.......##.# ####.### #.#
#.##.##....##.###....... #.#
#.##.................### #.#
#.............###.##.#


You could see 2 killer bees and a goblin.

Vanquished Creatures
  Sigmund (D:2)
  2 gnolls (D:3)
  5 adders
  3 worms
  2 leopard geckos
  An orc (D:3)
  2 ball pythons
  3 bats
  5 giant cockroaches (D:3)
  4 goblins
  9 hobgoblins
  4 quokkas (D:3)
  3 frilled lizards
  6 kobolds
  A quokka zombie (D:3)
  10 rats
61 creatures vanquished.

Vanquished Creatures (others)
  A plant (D:3)
1 creature vanquished.

Grand Total: 62 creatures vanquished

Notes
Turn   | Place    | Note
-------+----------+-------------------------------------------
     0 | D:1      | Alfie the Hill Orc Fighter began the quest for the Orb.
     0 | D:1      | Reached XP level 1. HP: 19/19 MP: 1/1
   216 | D:1      | Reached XP level 2. HP: 21/27 MP: 2/2
   577 | D:2      | Noticed Sigmund
   586 | D:2      | Killed Sigmund
   586 | D:2      | Reached XP level 3. HP: 32/33 MP: 3/3
   586 | D:2      | Reached XP level 4. HP: 39/40 MP: 4/4
   586 | D:2      | Reached XP level 5. HP: 45/46 MP: 5/5
  1186 | D:3      | Reached XP level 6. HP: 53/53 MP: 6/6
  1338 | D:3      | Found a shimmering altar of Xom.
  1906 | D:3      | Gained mutation: Your muscles are strong. (Str +2) [potion of mutation]
  1906 | D:3      | Gained mutation: Your spells are a little harder to cast, but a little more powerful. [potion of mutation]
  1932 | D:3      | HP: 3/79 [poisoned by a killer bee]
  1938 | D:3      | HP: 2/79 [poisoned by a killer bee]
  1939 | D:3      | Slain by a killer bee

Skill      XL: |  1  2 |
---------------+-------+-----
Fighting       | 4 |  4.5
Short Blades   | 3 |  3.9
Armour         | 4 |  4.5
Shields        | 4 |  4.9
Dodging        | |  0.7

Action                   |  1- 3 |  4- 6 || total
-------------------------+-------+-------++-------
Melee: Rapier            |    61 |   148 ||   209
  Use: Scroll            |     2 |     1 ||     3
       Potion            |     1 |     7 ||     8
  Eat: Fruit             |       |     4 ||     4
       Meat ration       |       |     1 ||     1
Armor: Scale mail        |    20 |    39 ||    59
       Skin              |       |    70 ||    70
Dodge: Dodged            |    31 |    71 ||   102
Block: Shield            |    39 |   118 ||   157
